 Dungeon Crawl Stone Soup version 0.28-a0-479-g5baa6b73be (webtiles) character file.

Game seed: 15843381234313582276

53 Shayle the Skirmisher (level 3, -1/39 HPs)
             Began as an Ogre Warper on Sept 19, 2021.
             Succumbed to an adder's poison
             ... on level 2 of the Dungeon.
             The game lasted 00:04:28 (1854 turns).

Shayle the Skirmisher (Ogre Warper)                 Turns: 1854, Time: 00:04:29

Health: -1/39      AC:  3    Str: 15    XL:     3   Next: 87%
Magic:  6/6        EV:  9    Int: 15    God:
Gold:   99         SH:  0    Dex:  8    Spells: 0/6 levels left

rFire   . . .      SeeInvis .   e - +3 mace
rCold   . . .      Faith    .   (no shield)
rNeg    . . .      Spirit   .   b - +0 robe
rPois   .          Reflect  .   (helmet restricted)
rElec   .          Harm     .   (no cloak)
rCorr   .          Rampage  .   (gloves unavailable)
Will    .....                   (boots unavailable)
Stlth   +.........              (no amulet)
HPRegen 0.13/turn               (no ring)
MPRegen 0.10/turn               (no ring)

@: lethally poisoned (-1 -> -9), flying
A: large, unfitting armour, tough skin 1
a: no special abilities


You were on level 2 of the Dungeon.
You visited 1 branch of the dungeon, and saw 2 of its levels.

You collected 99 gold pieces.

Inventory:

Hand Weapons
 a - a +0 spear
 e - a +3 mace (weapon)
Missiles
 d - 4 boomerangs of dispersal (quivered)
Armour
 b - a +0 robe (worn)
Scrolls
 c - a scroll of blinking
 f - a scroll of enchant armour {unknown}
 g - 2 scrolls of amnesia {unknown}
 i - a scroll of noise {unknown}


   Skills:
 + Level 4.0 Fighting
 + Level 3.0 Polearms
 - Level 1.0 Throwing
 - Level 2.1 Dodging
 - Level 2.4 Spellcasting
 - Level 2.6 Translocations
 + Level 0.4 Air Magic
 + Level 0.4 Poison Magic


You couldn't memorise any spells.
You knew the following spells:

 Your Spells              Type           Power      Damage    Failure   Level
a - Sting                 Tmut/Pois      8%         1d3       21%         1
b - Teleport Other        Tloc           9%         N/A       22%         3
c - Poisonous Vapours     Pois/Air       6%         N/A       26%         2

Your spell library contained the following spells:

 Spells                   Type           Power      Damage    Failure   Level
 Blink                    Tloc           N/A        N/A       11%         2
 Gell's Gravitas          Tloc           4%         N/A       22%         3
 Lesser Beckoning         Tloc           9%         N/A       22%         3
 Olgreb's Toxic Radiance  Pois           3%         N/A       87%         4
 Manifold Assault         Tloc           9%         N/A       89%         5


Dungeon Overview and Level Annotations

Branches:
Dungeon (2/15)

Altars:


Innate Abilities, Weirdness & Mutations

You are too large for most types of armour.
You have tough skin. (AC +1)


Message History

You now have 99 gold pieces (gained 14).
An adder comes into view.
Things that are here:
a +0 whip; 13 poisoned darts You see here a giant cockroach corpse.
You barely miss the adder. The adder bites you. The adder closely misses you.
You hit the adder.
The adder is moderately wounded.
The adder barely misses you. The adder bites you.
You are poisoned.
The adder poisons you!
You hit the adder.
The adder is severely wounded.
You feel sick. The adder barely misses you. The adder bites you.
* * * LOW HITPOINT WARNING * * *
You are lethally poisoned!
The adder poisons you!
You barely miss the adder.
The adder is severely wounded.
* * * LOW HITPOINT WARNING * * *
You feel sick. The adder barely misses you.
It was a potion of flight.
You feel very buoyant.
You fly up into the air.
* * * LOW HITPOINT WARNING * * *
You feel sick. The adder bites you.
* * * LOW HITPOINT WARNING * * *
You are more poisoned.
The adder poisons you! The adder barely misses you.
Throw: 5 boomerangs (disperse)
Press: ? - help, Q - select action, (/) - cycle Shift-Dir - straight line, f - adder
Aim: an adder (heavily wounded, 35% to hit)
You throw a boomerang of dispersal.
The boomerang of dispersal barely misses the adder.
* * * LOW HITPOINT WARNING * * *
You feel very sick. The adder barely misses you.
You sock the adder!
You kill the adder!
You die...

..# ..#### .....#
#.....# ######
......# #.....
#.############.....#
#.....
.#.......)†.@†......#
#.....
..........####...(..#
##### #########.#
#......# #.# #......#
####.# #......#
#######
.....####.##+###
#....†.
..........##.#
#......
.....###.....#
#......
.....##..##..#
#......


There were no monsters in sight!

Vanquished Creatures
  An adder (D:2)
  3 dart slugs
  2 ball pythons (D:1)
  3 bats (D:1)
  3 endoplasms
  3 giant cockroaches
  4 goblins
  9 hobgoblins
  4 jackals (D:2)
  4 kobolds
  3 rats
  A spectral hobgoblin (D:1)
40 creatures vanquished.

Notes
Turn   | Place    | Note
-------+----------+-------------------------------------------
     0 | D:1      | Shayle the Ogre Warper began the quest for the Orb.
     0 | D:1      | Reached XP level 1. HP: 22/22 MP: 3/3
   272 | D:1      | Reached skill level 3 in Fighting
   277 | D:1      | Reached XP level 2. HP: 31/31 MP: 5/5
   565 | D:1      | Reached XP level 3. HP: 35/39 MP: 6/6
   593 | D:1      | Found a faded altar of an unknown god.
  1201 | D:2      | Learned a level 1 spell: Sting
  1205 | D:2      | Learned a level 3 spell: Teleport Other
  1208 | D:2      | Learned a level 2 spell: Poisonous Vapours
  1392 | D:2      | Reached skill level 4 in Fighting
  1853 | D:2      | HP: 1/39 [poisoned by an adder]
  1854 | D:2      | Succumbed to an adder's poison

Illustrated notes

Levels and vault maps discovered:
D:1:      dpeg_arrival_brainrot, layout_loops_ring, serial_glass,
          glass_columns_a, glass_columns_a, glass_columns_a, glass_columns_c,
          glass_columns_c, item_on_display_a, feat_on_display,
          item_on_display_a, dreamdust_ecumenical_altar_drowned_temple,
          grunt_decor_resistance
D:2:      layout_basic, minmay_pentomino_p2, uniq_robin

Skill      XL: |  1  2  3 |
---------------+----------+-----
Fighting       | 3 4 |  4.0
Polearms       | 3 |  3.0
Throwing       | |  1.0
Dodging        | |  2.1
Spellcasting   | |  2.4
Translocations | |  2.6
Air Magic      | |  0.4
Poison Magic   | |  0.4

Action                   || total
-------------------------++-------
Melee: Spear             ||    12
       Mace              ||    87
Throw: Boomerang         ||     1
  Use: Potion            ||     1
 Stab: Sleeping          ||     1
Armor: Robe              ||    51
Dodge: Dodged            ||    69

Table legend: (Time is in decaauts)
 A = Elapsed time spent in this place.
 B = Non-inter-level travel time spent in this place.
 C = Inter-level travel time spent in this place.
 D = Time resting spent in this place.
 E = Time spent auto-exploring this place.
 F = Levels seen in this place.
 G = Mean time per level.
                   A        B        C        D        E       F      G
               +--------+--------+--------+--------+--------+-----+--------+
         Total |   1893 |   1848 |     45 |      0 |   1464 |   2 |  946.5 |
       Dungeon |   1893 |   1848 |     45 |      0 |   1464 |   2 |  946.5 |
               +--------+--------+--------+--------+--------+-----+--------+

Top non-repeatable levels by time:
     D:1: 1214 daAuts
     D:2: 679 daAuts
